 Dungeon Crawl Stone Soup version 0.17-a0-1575-g9a29ec8 (webtiles) character file.

355 urechis the Twirler (level 6, -4/38 HPs)
             Began as a Tengu Gladiator on July 26, 2015.
             Killed by divine providence
             ... invoked by an orc priest
              (13 damage)
             ... on level 4 of the Dungeon.
             The game lasted 00:06:41 (2697 turns).

urechis the Twirler (Tengu Gladiator)               Turns: 2697, Time: 00:06:42

Health: -4/38      AC:  4    Str: 15    XL:     6   Next: 63%
Magic:  7/7        EV: 13    Int:  8    God:
Gold:   154        SH:  0    Dex: 17    Spells: 0 memorised, 5 levels left

rFire  . . .     SeeInvis .     a - +0 quarterstaff
rCold  + . .     Clarity  .     x - +0 troll leather armour {Purgy}
rNeg   . . .     SustAt   .     (no shield)
rPois  .         Gourm    .     c - +0 hat
rElec  .         Spirit   .     (no cloak)
rCorr  .         Warding  .     (no gloves)
rMut   .         Stasis   .     (boots unavailable)
MR     .....                    (no amulet)
Stlth  ++........               r - ring of stealth
                                n - ring of protection from cold

@: not resistant to hostile enchantments, unstealthy
A: beak, talons 3, able to fly 1
a: Fly


You were on level 4 of the Dungeon.
You were not hungry.

You visited 1 branch of the dungeon, and saw 4 of its levels.

You collected 154 gold pieces.

Inventory:

Hand weapons
 a - a +0 quarterstaff (weapon)
 b - a +0 blowgun
Missiles
 d - 3 throwing nets
 u - 15 poisoned needles
 y - 6 javelins (quivered)
Armour
 c - a +0 hat (worn)
 x - a +0 troll leather armour (worn) {Purgy}
Jewellery
 n - a ring of protection from cold (left hand)
 r - a ring of stealth (right hand)
 s - an uncursed ring of sustain attributes
Scrolls
 f - 3 scrolls of enchant weapon
 k - a scroll of teleportation {unknown}
 l - a scroll of random uselessness {unknown}
 m - 4 scrolls of recharging
 o - 2 scrolls of enchant armour
 q - 2 scrolls of remove curse
Potions
 h - a potion of brilliance {unknown}
 j - 2 potions of haste {unknown}
 p - a potion of might {unknown}
 t - a potion of resistance {unknown}
 v - a potion of beneficial mutation {unknown}
Comestibles
 e - a bread ration
 g - 2 meat rations
 i - a beef jerky
 w - 3 chunks of flesh


   Skills:
 + Level 4.1 Fighting
 * Level 6.8 Staves
 - Level 2.1 Throwing
 - Level 3.2 Dodging


You had 5 spell levels left.
You didn't know any spells.

Dungeon Overview and Level Annotations

Branches:
Dungeon (4/15)
 Temple: D:4-7

Altars:


Innate Abilities, Weirdness & Mutations

You have a beak for a mouth.
You have claws for feet.
You can fly.


Message History

The orc wizard shouts!
You claw the orc priest.
The orc priest is heavily wounded.
The orc priest hits you but does no damage.
The orc priest calls down the wrath of Beogh upon you.
Something smites you!
* * * LOW HITPOINT WARNING * * *
You hit the orc priest. Your kick misses the orc priest.
The orc priest is severely wounded.
The orc priest hits you with a dagger.
* * * LOW HITPOINT WARNING * * *
The orc wizard gestures wildly while chanting.
The orc wizard flickers and vanishes!
Deactivating autopickup; reactivate with Ctrl-A.
You hit the orc priest. Your kick misses the orc priest.
Your peck misses the orc priest.
The orc priest is almost dead.
The orc priest mumbles some strange prayers to Beogh against you.
Something smites you!
You die...

#. ### #. ..# #. #[#
#. .###o####### #.#
#. ....ooo@...# #.#
#. ####{#####.# #.#
#. #.# ##.## #. #.#
#...###) #.# #....[).
##.# #.......
#.####..######.######
#..........#..)..####
........##.#.###.##..


You could see 3 orc priests and an orc.

Vanquished Creatures
  Purgy (D:4)
  An orc priest (D:4)
  Jessica (D:3)
  3 orc wizards
  4 adders
  An ooze (D:4)
  2 worms
  14 orcs
  8 bats
  3 giant cockroaches
  10 goblins
  9 hobgoblins
  3 jackals (D:3)
  3 quokkas
  A ball python (D:1)
  A giant gecko (D:4)
  5 giant newts
  6 kobolds
  4 rats
80 creatures vanquished.

Notes
Turn   | Place    | Note
--------------------------------------------------------------
     0 | D:1      | urechis the Tengu Gladiator began the quest for the Orb.
     0 | D:1      | Reached XP level 1. HP: 12/12 MP: 2/2
    96 | D:1      | Reached XP level 2. HP: 13/18 MP: 3/3
   266 | D:1      | Reached skill level 4 in Staves
   688 | D:2      | Reached XP level 3. HP: 13/22 MP: 4/4
  1556 | D:3      | Noticed Jessica
  1573 | D:3      | Killed Jessica
  1573 | D:3      | Reached skill level 5 in Staves
  1573 | D:3      | Reached XP level 4. HP: 27/27 MP: 5/5
  1996 | D:3      | Gained mutation: You can fly. [Tengu growth]
  1996 | D:3      | Reached XP level 5. HP: 14/32 MP: 6/6
  2502 | D:4      | Noticed Purgy
  2516 | D:4      | Killed Purgy
  2516 | D:4      | Reached skill level 6 in Staves
  2516 | D:4      | Reached XP level 6. HP: 24/38 MP: 3/7
  2697 | D:4      | Killed from afar by an orc priest

Vault maps used:
D:1:      lemuel_arrival_muddy, serial_curves, eino_curves_04, eino_curves_02,
          minmay_misc_feat_square, minmay_misc_feat_pillars
D:3:      uniq_jessica
D:4:      serial_shops, shop, uniq_purgy

Action                   |  1- 3 |  4- 6 || total
-------------------------+-------+-------++-------
Melee: Quarterstaff      |    86 |   126 ||   212
Throw: Javelin           |       |     2 ||     2
 Abil: Fly               |       |     1 ||     1
  Use: Scroll            |       |     5 ||     5
 Stab: Sleeping          |     2 |     8 ||    10
       Distracted        |       |     2 ||     2
  Eat: Chunk             |     1 |     5 ||     6
